 Dungeon Crawl Stone Soup version 0.30-a0-986-g7f2e898f52 (webtiles) character file.

Game seed: 2259056892032284981

2 DeathPants the Sneak (level 1, 0/9 HPs)
             Began as a Vine Stalker Wanderer on Apr 1, 2023.
             Frozen to death by an endoplasm (1 damage)
             ... on level 1 of the Dungeon.
             The game lasted 00:01:43 (58 turns).

DeathPants the Sneak (Vine Stalker Wanderer)          Turns: 58, Time: 00:01:44

Health: 0/9        AC:  3    Str: 13    XL:     1   Next: 30%
Magic:  0/4        EV: 11    Int: 15    God:
Gold:   0          SH:  0    Dex: 11    Spells: 3/4 levels left

rFire   . . .      SeeInvis .    a - +0 club
rCold   . . .      Faith    .    (no shield)
rNeg    . . .      Spirit   +    c - +0 robe
rPois   .          Reflect  .    (no helmet)
rElec   .          Rampage  .    d - +0 cloak
rCorr   .                        (no gloves)
Will    .....                    (no boots)
Stlth   ++                       (no amulet)
HPRegen 0.21/turn                (no ring)
MPRegen 0.09/turn                (no ring)

@: no status effects
A: fangs 2, magic shield, antimagic bite, no potion heal 2
a: no special abilities


You were on level 1 of the Dungeon.
You visited 1 branch of the dungeon, and saw 1 of its levels.

Inventory:

Hand Weapons
 a - a +0 club (weapon)
Missiles
 g - 4 javelins
Armour
 c - a +0 robe (worn)
 d - a +0 cloak (worn)
Jewellery
 e - a ring of see invisible
Scrolls
 b - 2 scrolls of fog
 f - a scroll of enchant weapon {unknown}


   Skills:
 + Level 0.1 Fighting
 - Level 1.0 Armour
 + Level 1.0 Dodging
 - Level 2.4 Stealth
 + Level 2.2 Spellcasting
 - Level 2.0 Conjurations
 + Level 2.0 Hexes


You had 3 spell levels left.
You knew the following spells:

 Your Spells              Type           Power      Damage    Failure   Level
a - Slow                  Hex            28%        N/A       10%         1

Your spell library contained the following spells:

 Spells                   Type           Power      Damage    Failure   Level
 Magic Dart               Conj           28%        1d4       10%         1
 Tukima's Dance           Hex            7%         N/A       28%         3
 Portal Projectile        Hex/Tloc       8%         N/A       38%         3
 Mephitic Cloud           Conj/Pois/Air  3%         N/A       45%         3


Dungeon Overview and Level Annotations

Branches:
Dungeon (1/15)

Altars:


Innate Abilities, Weirdness & Mutations

You have extremely sharp teeth.
When hurt, damage is shared between your health and your magic reserves.
Your bite disrupts and absorbs the magic of your enemies.
Potions cannot restore your health.


Message History

The endoplasm closely misses you.
You hit the endoplasm but do no damage. The endoplasm hits you.
You hit the endoplasm but do no damage. The endoplasm barely misses you.
You barely miss the endoplasm. You bite the endoplasm. You drain its power.
You feel invigorated.
The endoplasm is lightly wounded.
The endoplasm barely misses you. The endoplasm hits you.
You hit the endoplasm but do no damage. Your bite misses the endoplasm.
The endoplasm is lightly wounded.
The endoplasm freezes you.
You are frozen.
You hit the endoplasm.
The endoplasm is heavily wounded.
The endoplasm freezes you.
You are frozen.
* * * LOW HITPOINT WARNING * * *
You hit the endoplasm but do no damage.
The endoplasm is heavily wounded.
The endoplasm hits you but does no damage.
The endoplasm freezes you.
You are frozen.
* * * LOW HITPOINT WARNING * * *
You hit the endoplasm. You bite the endoplasm. You drain its power.
You feel invigorated.
The endoplasm is almost dead.
The endoplasm hits you.
Aiming: Slow (safe; 10% risk of failure)
Press: ? - help, Q - select action, (/) - cycle Shift-Dir - straight line, f - endoplasm
Aim: an endoplasm (almost dead, chance to affect: 58%)
The endoplasm resists with significant effort.
The endoplasm hits you.
* * * LOW HITPOINT WARNING * * *
You hit the endoplasm but do no damage.
The endoplasm is almost dead.
The endoplasm hits you but does no damage.
You hit the endoplasm but do no damage.
The endoplasm is almost dead.
The endoplasm freezes you.
You are frozen.
You die...

########.....#
.............##
.....>.........
.............#
.............#
.............##
...............#
.......@J.##.#.. ####
.......!........ ####...
######..######..##.....⌠
#......###.#.......
##..[.....|....#...
#......###..###...
##.#.......## #..<
#.###......###(.. #[#
#####....#...


You could see an endoplasm.

Vanquished Creatures
  A hobgoblin (D:1)
  A ball python (D:1)
2 creatures vanquished.

Notes
Turn   | Place    | Note
-------+----------+-------------------------------------------
     0 | D:1      | DeathPants the Vine Stalker Wanderer began the quest for
                  | the Orb.
     0 | D:1      | DeathPants set off with the following items: a +0 club, a
                  | scroll of fog, a +0 robe, a +0 cloak; and the following
                  | spells available to memorise: Magic Dart, Slow, Tukima's
                  | Dance, Portal Projectile, Mephitic Cloud.
     0 | D:1      | Reached XP level 1. HP: 9/9 MP: 4/4
     6 | D:1      | Learned a level 1 spell: Slow
    58 | D:1      | Frozen to death by an endoplasm

Illustrated notes

Levels and vault maps discovered:
D:1:      dpeg_arrival_arbitrary_c, layout_rooms, minmay_quantized

Action                     || total
---------------------------++-------
  Melee: Club              ||    20
         Bite              ||     5
   Cast: Slow              ||     2
 Armour: Robe              ||     4
  Dodge: Dodged            ||    14

Table legend: (Time is in decaauts)
 A = Elapsed time spent in this place.
 B = Non-inter-level travel time spent in this place.
 C = Inter-level travel time spent in this place.
 D = Time resting spent in this place.
 E = Time spent auto-exploring this place.
 F = Levels seen in this place.
 G = Mean time per level.
                   A        B        C        D        E       F      G
               +--------+--------+--------+--------+--------+-----+--------+
         Total |     63 |     63 |      0 |      0 |     10 |   1 |   63.0 |
       Dungeon |     63 |     63 |      0 |      0 |     10 |   1 |   63.0 |
               +--------+--------+--------+--------+--------+-----+--------+

Top non-repeatable levels by time:
     D:1: 63 daAuts
